 Dungeon Crawl Stone Soup version 0.19-a0-981-gaae9137 (webtiles) character file.

7 ololoev the Chiller (level 2, -1/19 HPs)
             Began as a Merfolk Ice Elementalist on July 14, 2016.
             Slain by a jackal (3 damage)
             ... on level 1 of the Dungeon.
             The game lasted 00:01:57 (289 turns).

ololoev the Chiller (Merfolk Ice Elementalist)       Turns: 289, Time: 00:01:58

Health: -1/19      AC:  2    Str:  8    XL:     2   Next: 0%
Magic:  0/5        EV: 13    Int: 14    God:
Gold:   22         SH:  0    Dex: 14    Spells: 1 memorised, 4 levels left

rFire  . . .     SeeInvis .     f - +0 short sword
rCold  . . .     Gourm    .     a - +0 robe
rNeg   . . .     Faith    .     (no shield)
rPois  .         Spirit   .     (no helmet)
rElec  .         Dismiss  .     (no cloak)
rCorr  .         Reflect  .     (no gloves)
SustAt .         Harm     .     (no boots)
MR     .....                    (no amulet)
Stlth  ++........               (no ring)
                                (no ring)

@: not resistant to hostile enchantments, unstealthy
A: change form in water, swift swim
a: no special abilities

Inventory:

Hand Weapons
 f - a +0 short sword (weapon)
Armour
 a - a +0 robe (worn)
Scrolls
 d - a scroll of remove curse {unknown}
Potions
 e - a potion of cancellation {unknown}
Books
 b - a book of Frost

   Spells                             Type                      Level
   a - Freeze                         Ice                          1
   b - Throw Frost                    Conjuration/Ice              2
   c - Ozocubu's Armour               Charms/Ice                   3
   d - Throw Icicle                   Conjuration/Ice              4
   e - Summon Ice Beast               Ice/Summoning                4
Comestibles
 c - a bread ration


   Skills:
 + Level 0.2 Armour
 + Level 3.0 Dodging
 - Level 2.1 Stealth
 + Level 2.1 Spellcasting
   Level 0.7 Conjurations
 + Level 3.4 Ice Magic


You had 4 spell levels left.
You knew the following spells:

 Your Spells              Type           Power        Failure   Level  Hunger
a - Freeze                Ice            ##..         10%         1    #......


You were on level 1 of the Dungeon.
You were not hungry.

You visited 1 branch of the dungeon, and saw 1 of its levels.

You collected 22 gold pieces.

######## #####
......#####...#
...........(#(# #
...........#.#####
.........###....÷.
#.......##.......#
#.§§≈≈..#..#.###.#
#@§§≈≈≈.#..#.#...#
#h§≈$§≈.#. #.#.###
#.≈≈>≈≈.#. #.#....
#.≈≈!≈§.# #.#....
#.≈≈≈≈§.# ..#....
#..≈≈≈..# #....
#.....§.# #....
#.......# #.###
#.......# #.#

Notes
Turn   | Place    | Note
-------+----------+-------------------------------------------
     0 | D:1      | ololoev the Merfolk Ice Elementalist began the quest for the Orb.
     0 | D:1      | Reached XP level 1. HP: 13/13 MP: 3/3
   285 | D:1      | Reached XP level 2. HP: 3/19 MP: 1/5
   289 | D:1      | Slain by a jackal

Dungeon Overview and Level Annotations

Branches:
Dungeon (1/15)

Altars:


Message History

Press: ? - help, Shift-Dir - straight line, f - jackal
Aim: a jackal You freeze the jackal.
The jackal is severely wounded.
The jackal bites you but does no damage.
The jackal barely misses you.
The jackal barks!
A rat comes into view.
The jackal misses you.
The jackal bites you but does no damage.
You see here a ball python skeleton.
The jackal bites you but does no damage.
The jackal bites you but does no damage.
Casting: Freeze
Confirm with . or Enter, or press ? or * to list all spells.
Aiming: Freeze
Press: ? - help, Shift-Dir - straight line, f/p - jackal
Aim: a jackal (heavily wounded)
You miscast Freeze.
You are very lightly contaminated with residual magic.
Nothing appears to happen.
The jackal barely misses you.
You see here 20 arrows.
You see here 21 stones.
The jackal misses you. The jackal bites you. The jackal barely misses you.
The jackal bites you.
The jackal bites you but does no damage.
The jackal misses you. The jackal bites you.
You see here a short sword.
f - a short sword The jackal bites you.
The jackal barely misses you. The jackal misses you.
The jackal barely misses you.
Your magical contamination has completely faded away.
The jackal barely misses you.
Casting: Freeze
Confirm with . or Enter, or press ? or * to list all spells.
Aiming: Freeze
Press: ? - help, Shift-Dir - straight line, f/p - jackal
Aim: a jackal (moderately wounded)
You freeze the jackal.
The jackal is heavily wounded.
The jackal barely misses you. The jackal bites you.
Wield which item (- for none, * to show all)? (? for menu, Esc to quit)
f - a +0 short sword (weapon)
You hit the jackal.
The jackal is almost dead.
The jackal bites you but does no damage.
The jackal barely misses you.
You barely miss the jackal.
The jackal is almost dead.
The jackal bites you but does no damage.
You closely miss the jackal.
The jackal is almost dead.
The jackal barely misses you. The jackal closely misses you.
You hit the jackal but do no damage.
The jackal is almost dead.
The jackal barely misses you.
You barely miss the jackal.
The jackal is almost dead.
The jackal barely misses you.
The jackal bites you but does no damage.
You hit the jackal.
You kill the jackal!
You have reached level 2!
Casting: Freeze
Confirm with . or Enter, or press ? or * to list all spells.
Aiming: Freeze
Press: ? - help, Shift-Dir - straight line, f - jackal
Aim: a jackal You freeze the jackal.
The jackal is heavily wounded.
The jackal misses you. The jackal bites you. The jackal completely misses you.
You barely miss the jackal.
The jackal is heavily wounded.
The jackal bites you.
You die...

You could see a jackal.

Vanquished Creatures
  A ball python (D:1)
  A bat (D:1)
  A goblin (D:1)
  2 jackals (D:1)
5 creatures vanquished.

Action                   || total
-------------------------++-------
Melee: Short sword       ||     7
 Cast: Freeze            ||    12
Armor: Robe              ||     9
Dodge: Dodged            ||    22

Vault maps used:
D:1:      lemuel_arrival_lava_pool, evilmike_ruin_ashenzari
